 Dungeon Crawl Stone Soup version 0.22-a0-358-g7563fe7 (webtiles) character file.

3008 nono the Protected (level 9, -4/75 HPs)
             Began as a Barachi Fighter on Apr 18, 2018.
             Was an Initiate of Wu Jian.
             Slain by a hornet (12 damage)
             ... on level 8 of the Dungeon.
             The game lasted 00:17:45 (3604 turns).

nono the Protected (Barachi Fighter)                Turns: 3604, Time: 00:17:46

Health: -4/75      AC: 12    Str: 23 (25) XL:     9   Next: 84%
Magic:  9/9        EV:  7    Int:  5 (8)  God:    Wu Jian [......]
Gold:   194        SH: 15    Dex: 10 (13) Spells: 8/8 levels left

rFire    . . .     SeeInvis .   a - +0 long sword
rCold    . . .     Gourm    .   c - +0 shield
rNeg     . . .     Faith    .   y - +0 chain mail
rPois    +         Spirit   .   (no helmet)
rElec    .         Reflect  +   (no cloak)
rCorr    .         Harm     .   E - +0 pair of gloves
MR       .....                  (no boots)
Stlth    ..........             m - +4 amulet of reflection
HPRegen  0.22/turn              o - ring of stealth
MPRegen  0.11/turn              d - ring of poison resistance

@: mighty, slow
A: +LOS, swims, slowness 1, strong legs 1
a: Hop, Renounce Religion


You were on level 8 of the Dungeon.
You worshipped Wu Jian.
Wu Jian was noncommittal.
You were not hungry.

You visited 2 branches of the dungeon, and saw 9 of its levels.
You also visited: Ossuary.

You collected 194 gold pieces.

Inventory:

Hand Weapons
 a - a +0 long sword (weapon)
Armour
 b - a +0 scale mail
 c - a +0 shield (worn)
 r - the +1 robe of Contentment {rCorr Slay+3, unknown}
   (You found it on level 6 of the Dungeon)

   It affects your accuracy and damage with ranged weapons and melee attacks
   (+3).
   It protects you from acid and corrosion.
 y - a +0 chain mail (worn)
 E - a +0 pair of gloves (worn)
Jewellery
 d - a ring of poison resistance (right hand)
 m - a +4 amulet of reflection (around neck)
 o - a ring of stealth (left hand)
Wands
 h - a wand of paralysis (10)
 C - a wand of random effects (35)
Scrolls
 e - 2 scrolls of amnesia {unknown}
 g - a scroll of fog {unknown}
 j - a scroll of fear {unknown}
 q - a scroll of magic mapping {unknown}
 t - a scroll of summoning {unknown}
 w - a scroll of noise {unknown}
 x - 2 scrolls of enchant weapon {unknown}
 D - a scroll of identify
 F - a scroll of remove curse
 G - a scroll of immolation {unknown}
 H - a scroll of brand weapon {unknown}
Potions
 i - a potion of resistance
 k - 2 potions of mutation {unknown}
 l - a potion of curing
 n - a potion of degeneration
 p - a potion of lignification
 s - a potion of might
 u - a potion of heal wounds {unknown}
 v - a potion of berserk rage {unknown}
 z - a potion of flight {unknown}
 A - 2 potions of invisibility {unknown}
 B - a potion of haste {unknown}
Comestibles
 f - 11 rations
 I - 2 chunks of flesh


   Skills:
 + Level 8.8 Fighting
 + Level 8.4 Long Blades
 + Level 8.8 Armour
 + Level 8.0 Shields


You had 8 spell levels left.
You didn't know any spells.

Dungeon Overview and Level Annotations

Branches:
Dungeon (8/15)             Temple (1/1) D:5
   Lair: D:8-11

Altars:
Ashenzari
Elyvilon
Nemelex Xobeh
Sif Muna
Uskayaw
Vehumet
Wu Jian


Innate Abilities, Weirdness & Mutations

Shadows flee at your approach. (+LOS)
You can swim through water.
You cover ground slowly.
You can hop short distances.


Message History

You feel yourself slow down.
It was a potion of curing.
You feel better.
You feel yourself speed up. You block the hornet's attack.
The hornet barely misses you. You block the hornet's attack.
You slice the hornet!!
The hornet is almost dead.
The hornet stings you.
* * * LOW HITPOINT WARNING * * *
You closely miss the hornet.
The hornet is almost dead.
The hornet stings you!
* * * LOW HITPOINT WARNING * * *
The hornet stings you but does no damage.
You feel better. You block the hornet's attack.
It was a potion of degeneration.
There was something very wrong with that liquid.
You feel weakened.
You feel dopey.
You feel clumsy. The hornet stings you!
You die...

..............#
.?............#
..............#
..............######.
...........).........
..............##.....
.[.......>.(........#
...............######
#.##.....##@$###
..##...#..y.##
..........##
#####...#........
#.#..#....... # ##[
....... .. ......$
### ....... .......


You could see a hornet.

Vanquished Creatures
  A spriggan (D:7)
  Sigmund (D:6)
  Eustachio (D:5)
  Edmund (D:6)
  Duvessa (D:6)
  2 ice beasts (D:6)
  2 sky beasts
  An ogre (D:6)
  A centaur (D:8)
  2 phantoms
  A big kobold (D:7)
  3 bullfrogs
  A water moccasin zombie (Ossuary)
  Dowan (D:6)
  A scorpion (D:4)
  A water moccasin skeleton (D:7)
  4 centaur zombies (Ossuary)
  A crimson imp (D:6)
  A bullfrog zombie (Ossuary)
  A jelly (D:8)
  4 orc wizards
  2 orc priests
  A bullfrog skeleton (D:6)
  3 hounds
  A centaur skeleton (D:6)
  10 worker ants
  A hound zombie (Ossuary)
  2 hound skeletons
  10 mummies
  3 worker ant zombies (Ossuary)
  A howler monkey skeleton (D:4)
  5 adders
  A shadow imp (D:5)
  4 adder zombies (Ossuary)
  3 dart slugs
  2 leopard geckos
  18 orcs
  4 giant cockroaches
  3 goblins
  A hobgoblin (D:1)
  8 jackals
  6 kobolds
  2 quokkas
  2 ball pythons
  3 giant cockroach zombies (Ossuary)
  2 jackal zombies (Ossuary)
  3 leopard gecko zombies
  A quokka skeleton (D:5)
  A quokka zombie (Ossuary)
  A rat (D:1)
136 creatures vanquished.

Vanquished Creatures (others)
  An orc wizard (D:6)
  A withered plant (Ossuary)
2 creatures vanquished.

Grand Total: 138 creatures vanquished

Notes
Turn   | Place    | Note
-------+----------+-------------------------------------------
     0 | D:1      | nono the Barachi Fighter began the quest for the Orb.
     0 | D:1      | Reached XP level 1. HP: 18/18 MP: 1/1
   130 | D:3      | Reached XP level 2. HP: 18/25 MP: 2/2
   279 | D:4      | Noticed a scorpion
   291 | D:4      | Killed a scorpion
   291 | D:4      | Reached XP level 3. HP: 30/30 MP: 3/3
   291 | D:4      | Reached XP level 4. HP: 37/37 MP: 4/4
   390 | D:4      | Reached XP level 5. HP: 36/43 MP: 5/5
   418 | D:5      | Entered Level 5 of the Dungeon
   418 | D:5      | Noticed a sky beast
   445 | D:4      | HP: 2/43 [sky beast (5)]
   456 | D:4      | Killed a sky beast
   456 | D:4      | Reached skill level 5 in Fighting
   456 | D:4      | Reached skill level 5 in Armour
   456 | D:4      | Reached XP level 6. HP: 4/51 MP: 6/6
  1021 | D:6      | Noticed Duvessa
  1021 | D:6      | Noticed Dowan
  1037 | D:6      | Killed Duvessa
  1037 | D:6      | Reached skill level 5 in Shields
  1037 | D:6      | Reached XP level 7. HP: 39/56 MP: 7/7
  1039 | D:6      | Killed Dowan
  1132 | D:6      | Reached skill level 5 in Long Blades
  1291 | D:6      | Found a sand-covered staircase.
  1302 | Ossuary  | Entered an ossuary
  1616 | Ossuary  | Reached XP level 8. HP: 63/65 MP: 8/8
  2268 | D:6      | Got a slimy robe
  2284 | D:6      | Noticed Edmund
  2302 | D:6      | Killed Edmund
  2302 | D:6      | Reached XP level 9. HP: 33/72 MP: 9/9
  2314 | D:6      | Noticed Sigmund
  2803 | D:6      | Killed Sigmund
  2968 | D:5      | Noticed Eustachio
  3006 | D:5      | Killed Eustachio
  3368 | D:5      | Found a staircase to the Ecumenical Temple.
  3384 | Temple   | Entered the Ecumenical Temple
  3402 | Temple   | Became a worshipper of the Wu Jian Council
  3585 | D:8      | Noticed a hornet
  3602 | D:8      | HP: 1/75 [hornet (7)]
  3604 | D:8      | Slain by a hornet

Vault maps used:
D:1:      mrwooster_arrival_arrow
D:3:      first_ration, minmay_checkerbox
D:4:      minivault_25, minmay_cut_off
D:5:      temple_statues, uniq_eustachio
D:6:      gup_ossuary_entry_pyramid, minivault_1, uniq_duvessa, uniq_sigmund,
          uniq_edmund
D:7:      cheibrodos_two_vegetables, doesnt_xom_only_xom, the_bakery
Temple:   regret_index_temple_sigil_plot
Ossuary:  ossuary_zaba_flooded

Skill      XL: |  1  2  3  4  5  6  7  8  9 |
---------------+----------------------------+-----
Fighting       | 4 5 6 7 8 |  8.8
Long Blades    | 3 4 5 7 8 |  8.4
Armour         | 4 5 6 7 8 |  8.8
Shields        | 4 5 6 8 |  8.0

Action                   |  1- 3 |  4- 6 |  7- 9 || total
-------------------------+-------+-------+-------++-------
Melee: Long sword        |    50 |   122 |   692 ||   864
Invok: Lunge             |       |       |     1 ||     1
Evoke: Wand              |     1 |     4 |     4 ||     9
  Use: Potion            |       |     1 |     5 ||     6
       Scroll            |       |       |     3 ||     3
 Stab: Paralysed         |     6 |     7 |     4 ||    17
  Eat: Chunk             |       |     1 |     4 ||     5
       Ration            |       |       |     2 ||     2
Armor: Scale mail        |    25 |    44 |    63 ||   132
       Chain mail        |       |       |   160 ||   160
Dodge: Dodged            |    14 |    30 |   104 ||   148
Block: Shield            |    26 |    91 |   487 ||   604
       Reflection        |       |       |     7 ||     7
       Rpst.: Long sword |     4 |     8 |    30 ||    42

Table legend:
 A = Spawn XP
 B = Non-spawn XP
 C = Spawn XP percentage of total XP
 D = Spawn monster count
 E = Non-spawn monster count
 F = Spawn count percentage of total count
 G = Total turns spent on level
                    A         B        C        D         E        F      G
               +---------+---------+-------+---------+---------+-------+---------
         Total |       0 |    4298 |   0.0 |       0 |     137 |   0.0 |  3604
               +---------+---------+-------+---------+---------+-------+---------
           D:1 |       0 |       3 |   0.0 |       0 |       2 |   0.0 |    88
           D:2 |       0 |       6 |   0.0 |       0 |       2 |   0.0 |    26
           D:3 |       0 |      20 |   0.0 |       0 |      10 |   0.0 |   165
           D:4 |       0 |     352 |   0.0 |       0 |      15 |   0.0 |   571
           D:5 |       0 |     668 |   0.0 |       0 |      33 |   0.0 |   653
           D:6 |       0 |    1620 |   0.0 |       0 |      24 |   0.0 |   814
           D:7 |       0 |     708 |   0.0 |       0 |      15 |   0.0 |   460
           D:8 |       0 |     289 |   0.0 |       0 |       5 |   0.0 |    74
       Ossuary |       0 |     632 |   0.0 |       0 |      31 |   0.0 |   716
               +---------+---------+-------+---------+---------+-------+---------
